AoeStats
← |GaoeG| flamingo

Arabia

510157154Analyzed
4v4 RM · 23h ago on Sep 29, 2026· 33m 24s· 8 players
Game mode
Random Map
Map size
Large (8 player)
Population
200
Speed
Normal
Resources
Standard
Victory
Conquest
Starting age
Dark Age
Ending age
Imperial Age
RankedLock teamsTeams togetherTeam positionsShared explorationLock speedFull tech treeHidden civsTurbo modeCheats
Victory
Defeat
🇪🇸 Italians · Spain
1426
+6
🇪🇸 Wei · Spain
1345
+9
🇪🇸 Khmer · Spain
1341
+9
🇪🇸 Franks · Spain
902
+24
🇪🇸 Persians · Spain
1190
-13
🇩🇪 Chinese · Germany
1178
-13
🇺🇸 Bohemians · United States
1142
-11
🇧🇷 Franks · Brazil
1137
-11
shortsnorter
7:52 Loom
8:10 Loom
10:58 Feudal Age
16:45 Castle Age
16:03 Double-Bit Axe
25:13 Horse Collar
27:41 Wheelbarrow
27:39 Redemption
27:50 Sanctity
29:04 Pikeman
30:12 Heavy Plow
31:29 Squires
ImFriendly
9:22 Feudal Age
7:40 Loom
9:26 Feudal Age
10:20 Double-Bit Axe
12:47 Horse Collar
21:56 Castle Age
21:54 Scale Barding Armor
22:52 Bow Saw
22:46 Heavy Plow
23:12 Bloodlines
23:46 Husbandry
25:07 Bow Saw
30:00 Gold Mining
32:21 Pikeman
LeoKiller225910
0:30 Loom
9:53 Feudal Age
10:58 Double-Bit Axe
15:50 Fletching
24:49 Castle Age
26:53 Wheelbarrow
27:32 Padded Archer Armor
Luigi
9:00 Loom
11:00 Feudal Age
15:37 Castle Age
15:02 Double-Bit Axe
23:25 Scale Barding Armor
24:13 Forging
24:29 Husbandry
27:43 Wheelbarrow
29:32 Fletching
31:43 Light Cavalry
Skofilus
6:00 Loom
9:11 Feudal Age
9:58 Double-Bit Axe
11:45 Fletching
23:04 Castle Age
21:32 Padded Archer Armor
22:28 Horse Collar
22:41 Gold Mining
23:14 Crossbowman
23:50 Bodkin Arrow
26:45 Bow Saw
27:36 Ballistics
28:54 Leather Archer Armor
28:45 Thumb Ring
32:08 Wheelbarrow
31:34 Town Watch
33:34 Hand Cart
33:22 Stone Mining
|GaoeG| Tifus
7:04 Loom
9:31 Feudal Age
10:32 Horse Collar
10:39 Double-Bit Axe
12:12 Forging
21:43 Castle Age
20:08 Bloodlines
21:40 Scale Barding Armor
21:38 Gold Mining
21:56 Light Cavalry
24:35 Husbandry
26:29 Iron Casting
29:25 Heavy Plow
30:42 Wheelbarrow
32:53 Imperial Age
31:26 Chain Barding Armor
34:17 Hand Cart
|GaoeG| flamingo
4:15 Loom
9:41 Feudal Age
10:22 Double-Bit Axe
10:21 Horse Collar
14:32 Wheelbarrow
18:53 Bloodlines
23:08 Castle Age
21:48 Scale Barding Armor
21:59 Gold Mining
22:58 Forging
23:53 Husbandry
23:17 Light Cavalry
24:29 Chain Barding Armor
24:27 Bow Saw
24:23 Heavy Plow
27:25 Gold Shaft Mining
30:31 Hand Cart
claran33
7:47 Loom
10:28 Feudal Age
8:46 Loom
12:52 Double-Bit Axe
18:37 Wheelbarrow
18:54 Stone Mining
18:56 Gold Mining
24:18 Castle Age
22:40 Scale Barding Armor
23:52 Forging
26:05 Chain Barding Armor
26:21 Iron Casting
25:36 Pikeman
27:52 Husbandry
30:37 Bow Saw
31:06 Gold Shaft Mining
31:59 Hand Cart
Connection lost

Rejoining the realm…

Still unreachable

The connection could not be restored.

Session expired

The server has moved on; the page needs a fresh start.